 Dungeon Crawl Stone Soup version 0.27-b1-23-g44b8eac545 (webtiles) character file.

Game seed: 1850436793481846329

35 bladeefan the Shield-Bearer (level 3, -2/23 HPs)
             Began as a Gargoyle Fighter on July 27, 2021.
             Slain by a gnoll (9 damage)
             ... on level 2 of the Dungeon.
             The game lasted 00:00:49 (1398 turns).

bladeefan the Shield-Bearer (Gargoyle Fighter)      Turns: 1398, Time: 00:00:50

Health: -2/23      AC: 10    Str: 20    XL:     3   Next: 33%
Magic:  3/3        EV:  4    Int:  8    God:
Gold:   58         SH:  0    Dex:  9    Spells: 2/2 levels left

rFire    . . .     SeeInvis .   a - +0 flail
rCold    . . .     Faith    .   c - +0 kite shield
rNeg     + . .     Spirit   .   b - +0 scale mail
rPois    ∞         Reflect  .   (no helmet)
rElec    +         Harm     .   (no cloak)
rCorr    .         Rampage  .   (no gloves)
Will     .....                  (no boots)
Stlth    ..........             (no amulet)
HPRegen  0.07/turn              (no ring)
MPRegen  0.08/turn              (no ring)

@: held
A: sickness immunity, AC +3, negative energy resistance 1, electricity
resistance, torment resistance 1, petrification resistance
a: no special abilities


You were on level 2 of the Dungeon.
You visited 1 branch of the dungeon, and saw 2 of its levels.

You collected 58 gold pieces.

Inventory:

Hand Weapons
 a - a +0 flail (weapon)
Missiles
 g - 8 atropa-tipped darts (quivered)
Armour
 b - a +0 scale mail (worn)
 c - a +0 kite shield (worn)
Scrolls
 e - a scroll of teleportation {unknown}
Potions
 d - 2 potions of might
 f - 3 potions of heal wounds {unknown}


   Skills:
 + Level 3.4 Fighting
 * Level 2.9 Maces & Flails
 + Level 3.6 Armour
 + Level 3.7 Shields


You had 2 spell levels left.
You didn't know any spells.
Your spell library contained the following spells:

 Spells                   Type           Power      Damage    Failure   Level
 Wereblood                Tmut           0%         N/A       100%        2
 Petrify                  Tmut/Erth      0%         N/A       100%        4
 Metabolic Englaciation   Hex/Ice        0%         N/A       100%        5
 Summon Hydra             Summ           0%         N/A       100%        7
 Sublimation of Blood     Necr           Unusable   N/A       N/A         2
 Statue Form              Tmut/Erth      Unusable   N/A       N/A         6

Dungeon Overview and Level Annotations

Branches:
Dungeon (2/15)

Altars:


Innate Abilities, Weirdness & Mutations

You are immune to sickness and miasma.
Your stone body is resilient. (AC +3)
You are immune to poison.
You resist negative energy. (rN+)
You are resistant to electric shocks. (rElec)
You are resistant to unholy torment.
You are immune to petrification.


Message History

The gnoll barely misses you.
You have reached level 3!
Your experience leads to an increase in your attributes!
Increase (S)trength, (I)ntelligence, or (D)exterity?
You feel stronger. You block the gnoll's attack.
You climb upwards.
There is a stone staircase leading down here.
You barely miss the gnoll. You block the gnoll's attack.
You sock the gnoll!
The gnoll is severely wounded.
You block the gnoll's attack.
The gnoll hits you with a +2 vorpal flail.
You are too injured to fight recklessly!
You are too injured to fight recklessly!
You hit the gnoll.
The gnoll is almost dead.
The gnoll hits you but does no damage.
You barely miss the gnoll.
The gnoll is almost dead.
You block the gnoll's attack. The gnoll hits you but does no damage.
You hit the gnoll.
You kill the gnoll!
Things that are here:
a +2 vorpal flail; a gnoll corpse You start resting.
HP restored.
Things that are here:
a +2 vorpal flail; a gnoll corpse
There is a stone staircase leading down here.
You climb downwards.
The gnoll throws a throwing net.
The throwing net hits you.
You become entangled in the net!
The gnoll hits you with a +0 flail!
There is a stone staircase leading up here.
You see here a throwing net.
You tear a large gash into the net.
The gnoll hits you with a +0 flail!
You struggle against the net.
The gnoll barely misses you.
You struggle against the net.
The gnoll hits you from afar with a +0 halberd!
You die...

.. #.........
... #.... ....
...###.........
......... .....
..........g....
........#g.....
......†........
#@.......
#g.#..... .....
... #...#.$. .
#.#.#..... ..
.. .... .. .#
##. ... .#


You could see 3 gnolls.

Vanquished Creatures
  2 gnolls (D:1)
  An adder (D:2)
  2 hobgoblins (D:1)
  A bat (D:1)
  2 kobolds (D:1)
  A rat (D:1)
9 creatures vanquished.

Notes
Turn   | Place    | Note
-------+----------+-------------------------------------------
     0 | D:1      | bladeefan the Gargoyle Fighter began the quest for the Orb.
     0 | D:1      | Reached XP level 1. HP: 14/14 MP: 1/1
   117 | D:1      | Found a faded altar of an unknown god.
   563 | D:1      | Reached XP level 2. HP: 10/19 MP: 2/2
  1231 | D:2      | Reached XP level 3. HP: 17/23 MP: 3/3
  1398 | D:2      | Slain by a gnoll

Illustrated notes

Levels and vault maps discovered:
D:1:      nicolae_arrival_memento_mori, layout_loops_corners,
          shapermc_ecumenical_altar_acropolis, grunt_decor_one_mirror
D:2:      layout_basic, serial_corexii_hall, corexii_hall_statues_i,
          corexii_hall_statues_i, kennysheep_doodads

Action                   || total
-------------------------++-------
Melee: Flail             ||    48
Armor: Scale mail        ||    32
Dodge: Dodged            ||    12
Block: Kite shield       ||    24
